Laval Squanderers vs Kelowna Rockets
Created - Wednesday, October 4, 2023 at 13:45
Goals
|
| Laval Squanderers |
0 |
3 |
1 |
4 |
| Kelowna Rockets |
1 |
3 |
2 |
6 |
|
Shots
|
| Laval Squanderers |
14 |
11 |
8 |
33 |
| Kelowna Rockets |
8 |
20 |
14 |
42 |
|
1st period
1. Kelowna Rockets , Mavrik Bourque 8 (Joel Kiviranta 13, Kim Nousiainen 2) at 12:51
Penalties :
Lucas Johansen (KEL) for Roughing (Double Minor) at 17:46
2nd period
2. Kelowna Rockets , Roby Jarventie 8 (Connor Zary 7, Jack Drury 11) at 1:58
3. Kelowna Rockets , Anttoni Honka 1 (Matias Maccelli 24, Jack Drury 12) at 3:19 (PP)
4. Laval Squanderers , Brett Howden 3 (Oliver Wahlstrom 14, Lias Andersson 13) at 9:21
5. Laval Squanderers , Brett Howden 4 (Ty Emberson 11, Lias Andersson 14) at 14:12 (PP)
6. Laval Squanderers , Lias Andersson 10 (Brett Howden 21) at 14:30
7. Kelowna Rockets , Connor Zary 7 (Anttoni Honka 8) at 16:50
Penalties :
Brett Howden (LSQ) for Tripping (Minor) at 3:16, Oskar Back (KEL) for Fighting (Major) at 10:10, Oliver Wahlstrom (LSQ) for Fighting (Major) at 10:10, Oliver Wahlstrom (LSQ) for instigated a fight (Minor) at 10:10, Oliver Wahlstrom (LSQ) for instigated and being the aggresor in a fight (20 Minutes Game Misconduct) at 10:10, Alex Peters (KEL) for Tripping (Minor) at 14:03, Oskari Laaksonen (KEL) for Hooking (Minor) at 14:39
3rd period
8. Kelowna Rockets , Joel Kiviranta 11 (Lauri Pajuniemi 13, Mavrik Bourque 14) at 2:26
9. Laval Squanderers , Martin Kaut 12 (Nils Lundkvist 7) at 8:43
10. Kelowna Rockets , Matias Maccelli 9 (Anttoni Honka 9) at 18:41
Penalties :
Brayden Tracey (LSQ) for Hooking (Minor) at 2:31, Matias Maccelli (KEL) for Hooking (Minor) at 9:24, Joseph Gambardella (KEL) for Fighting (Major) at 17:36, Brayden Pachal (LSQ) for Fighting (Major) at 17:36, Joseph Gambardella (KEL) for instigated a fight (Minor) at 17:36, Joseph Gambardella (KEL) for instigated a fight (10 Minutes Misconduct) at 17:36, Brett Howden (LSQ) for Slashing (Minor) at 18:35
Goalie Stats
Mads Sogaard (LSQ), 36 saves from 42 shots - (0.857), L, 11-6-6, 60:00 minutes
Justus Annunen (KEL), 29 saves from 33 shots - (0.879), W, 5-4-1, 60:00 minutes
Players Stats for Laval Squanderers
Player Name G A P +/- PIM S H SB GA TA FO MP PP MP PK MP
------------------------------------------------------------------------------------
Braden Schneider 0 0 0 -2 0 0 2 0 1 1 0/0 22:37 4:34 1:59
Brayden Pachal 0 0 0 2 5 0 0 1 0 0 0/0 13:27 0:00 0:00
Brayden Tracey 0 0 0 1 2 2 2 1 1 0 0/2 19:00 4:36 0:09
Brett Howden 2 1 3 0 4 5 1 1 1 0 8/19 19:39 4:21 1:38
Cross Hanas 0 0 0 0 0 1 0 0 0 0 0/3 6:52 0:00 0:00
Danila Klimovich 0 0 0 0 0 0 3 0 0 0 1/1 10:19 0:22 1:23
Ethen Frank 0 0 0 1 0 1 1 2 1 0 15/27 18:09 4:18 0:00
Graeme Clarke 0 0 0 -2 0 2 0 0 1 0 6/10 16:59 2:16 1:08
Justin Barron 0 0 0 -2 0 1 1 0 0 0 0/0 22:37 4:34 1:59
Kaedan Korczak 0 0 0 2 0 0 1 1 0 0 0/0 14:15 0:00 0:06
Lias Andersson 1 2 3 0 0 8 1 1 1 0 4/5 21:14 4:22 2:28
Martin Kaut 1 0 1 1 0 4 1 0 0 1 0/0 20:37 4:16 1:54
Mike Hardman 0 0 0 -2 0 2 1 0 0 0 0/0 10:38 0:00 0:07
Nils Lundkvist 0 1 1 -2 0 1 1 1 1 1 0/0 23:08 4:31 2:20
Oliver Wahlstrom 0 1 1 0 27 2 1 0 1 0 0/1 10:17 1:54 0:03
Shakir Mukhamadullin 0 0 0 0 0 0 0 0 0 1 0/0 7:39 0:00 0:06
Simon Holmstrom 0 0 0 -4 0 3 0 0 1 0 0/1 13:55 0:49 0:00
Ty Emberson 0 1 1 -2 0 1 1 0 0 0 0/0 23:08 4:31 2:20
Players Stats for Kelowna Rockets
Player Name G A P +/- PIM S H SB GA TA FO MP PP MP PK MP
------------------------------------------------------------------------------------
Alex Peters 0 0 0 3 2 1 3 1 0 3 0/0 25:23 2:10 4:03
Anttoni Honka 1 2 3 3 0 1 2 3 0 0 0/0 25:33 2:10 4:12
Connor Zary 1 1 2 2 0 4 0 0 0 1 5/11 12:25 0:00 1:12
Eemil Viro 0 0 0 -1 0 1 1 0 0 0 0/0 14:52 0:00 2:31
Jack Drury 0 2 2 -1 0 3 0 0 0 0 9/16 20:09 2:21 4:24
Jacob Perreault 0 0 0 -1 0 2 1 1 0 0 0/0 7:55 0:00 0:00
Jasper Weatherby 0 0 0 -1 0 1 0 0 0 0 1/3 7:55 0:00 0:00
Jesse Ylonen 0 0 0 0 0 3 1 0 0 0 0/0 19:38 2:21 3:50
Joel Kiviranta 1 1 2 1 0 6 1 1 0 1 3/10 19:38 2:03 4:10
Joseph Gambardella 0 0 0 -1 17 1 0 0 2 0 0/0 8:24 0:01 0:00
Kim Nousiainen 0 1 1 -1 0 2 2 0 0 1 0/0 14:01 0:00 1:40
Lauri Pajuniemi 0 1 1 1 0 2 2 0 0 0 0/0 14:56 2:03 0:00
Lucas Johansen 0 0 0 0 4 0 1 2 0 0 0/0 19:54 2:15 2:35
Matias Maccelli 1 1 2 0 2 8 3 0 0 1 1/2 19:23 2:21 3:08
Mavrik Bourque 1 1 2 1 0 3 1 0 2 2 14/25 15:45 2:03 0:21
Oskar Back 0 0 0 1 5 1 0 0 0 0 0/0 10:37 0:01 0:01
Oskari Laaksonen 0 0 0 1 2 0 1 0 0 0 0/0 20:33 2:15 3:09
Roby Jarventie 1 0 1 2 0 3 2 2 0 0 2/2 12:49 0:01 1:05
3 Stars
1 - Anttoni Honka (KEL)
2 - Connor Zary (KEL)
3 - Joel Kiviranta (KEL)
Power Play
Laval Squanderers - 1 on 6 Attempt(s) - 16.67%
Kelowna Rockets - 1 on 4 Attempt(s) - 25.00%
Penalty Kill
Laval Squanderers - 3 on 4 Attempt(s) - 75.00%
- Score 0 goal in Penalty Kill
Kelowna Rockets - 5 on 6 Attempt(s) - 83.33%
- Score 0 goal in Penalty Kill
Team Stat
Laval Squanderers - Hits : 17 - Faceoff Wins : 34 - Blocked Shots : 8 - Penalty Minutes : 38
Kelowna Rockets - Hits : 21 - Faceoff Wins : 35 - Blocked Shots : 10 - Penalty Minutes : 32
Official
Referees : Tim Peel and Francois StLaurent
Linesman : Thor Nelson and Derek Amell
Game Notes
Oliver Wahlstrom beats up Oskar Back at 10:10 of 2nd period
Oliver Wahlstrom ejected from game at 10:10 of 2nd period
Brayden Pachal beats up Joseph Gambardella at 17:36 of 3rd period
Laval Squanderers
5 vs 5 Forward
Center Left Wing Right Wing Time % Phy DF OF
1 Brett Howden Lias Andersson Oliver Wahlstrom 30 1 2 2
2 Ethen Frank Brayden Tracey Martin Kaut 30 1 2 2
3 Graeme Clarke Mike Hardman Simon Holmstrom 25 1 2 2
4 Cross Hanas Shakir Mukhamadullin Danila Klimovich 15 1 2 2
5 vs 5 Defense
Defense Defense Time % Phy DF OF
1 Braden Schneider Justin Barron 35 1 2 2
2 Nils Lundkvist Ty Emberson 35 1 2 2
3 Brayden Pachal Kaedan Korczak 30 1 2 2
4 Braden Schneider Justin Barron 0 1 2 2
PowerPlay Forward
Center Left Wing Right Wing Time % Phy DF OF
1 Brett Howden Lias Andersson Oliver Wahlstrom 50 1 2 2
2 Ethen Frank Brayden Tracey Martin Kaut 50 1 2 2
PowerPlay Defense
Defense Defense Time % Phy DF OF
1 Braden Schneider Justin Barron 50 1 2 2
2 Nils Lundkvist Ty Emberson 50 1 2 2
Penalty Kill 4 Players Forward
Center Wing Time % Phy DF OF
1 Oliver Wahlstrom Brett Howden 50 1 2 2
2 Lias Andersson Martin Kaut 50 1 2 2
Penalty Kill 4 Players Defense
Defense Defense Time % Phy DF OF
1 Braden Schneider Justin Barron 50 1 2 2
2 Nils Lundkvist Ty Emberson 50 1 2 2
Penalty Kill - 3 Players Forward
Forward Time % Phy DF OF
1 Oliver Wahlstrom 50 1 2 2
2 Brett Howden 50 1 2 2
Penalty Kill - 3 Players Defense
Defense Defense Time % Phy DF OF
1 Braden Schneider Justin Barron 50 1 2 2
2 Nils Lundkvist Ty Emberson 50 1 2 2
4 vs 4 Forward
Center Wing Time % Phy DF OF
1 Oliver Wahlstrom Brett Howden 50 1 2 2
2 Lias Andersson Martin Kaut 50 1 2 2
4 vs 4 Defense
Defense Defense Time % Phy DF OF
1 Braden Schneider Justin Barron 50 1 2 2
2 Nils Lundkvist Ty Emberson 50 1 2 2
Last Minutes Offensive
Center Left Wing Right Wing Defense Defense
Brett Howden Lias Andersson Oliver Wahlstrom Braden Schneider Justin Barron
Last Minutes Defensive
Center Left Wing Right Wing Defense Defense
Brett Howden Lias Andersson Oliver Wahlstrom Braden Schneider Justin Barron
Goaltenders
Starting : Mads Sogaard
Backup : Nico Daws
Extra Forwards
Normal : Graeme Clarke, Simon Holmstrom, Danila Klimovich - PP : Graeme Clarke, Simon Holmstrom - PK : Danila Klimovich
Extra Defensemen
Normal : Brayden Pachal, Kaedan Korczak, Shakir Mukhamadullin - PP : Brayden Pachal - PK : Kaedan Korczak, Shakir Mukhamadullin
Penalty Shots
Oliver Wahlstrom, Brett Howden, Lias Andersson, Martin Kaut, Ethen Frank
Kelowna Rockets
5 vs 5 Forward
Center Left Wing Right Wing Time % Phy DF OF
1 Jack Drury Matias Maccelli Jesse Ylonen 30 1 2 2
2 Mavrik Bourque Joel Kiviranta Lauri Pajuniemi 30 1 2 2
3 Connor Zary Roby Jarventie Oskar Back 25 1 2 2
4 Jasper Weatherby Joseph Gambardella Jacob Perreault 15 1 2 2
5 vs 5 Defense
Defense Defense Time % Phy DF OF
1 Alex Peters Anttoni Honka 30 1 2 2
2 Lucas Johansen Oskari Laaksonen 30 1 2 2
3 Kim Nousiainen Eemil Viro 25 1 2 2
4 Alex Peters Anttoni Honka 15 1 2 2
PowerPlay Forward
Center Left Wing Right Wing Time % Phy DF OF
1 Jack Drury Matias Maccelli Jesse Ylonen 50 1 2 2
2 Mavrik Bourque Joel Kiviranta Lauri Pajuniemi 50 1 2 2
PowerPlay Defense
Defense Defense Time % Phy DF OF
1 Alex Peters Anttoni Honka 50 1 2 2
2 Lucas Johansen Oskari Laaksonen 50 1 2 2
Penalty Kill 4 Players Forward
Center Wing Time % Phy DF OF
1 Matias Maccelli Jesse Ylonen 50 1 2 2
2 Joel Kiviranta Jack Drury 50 1 2 2
Penalty Kill 4 Players Defense
Defense Defense Time % Phy DF OF
1 Alex Peters Anttoni Honka 50 1 2 2
2 Lucas Johansen Oskari Laaksonen 50 1 2 2
Penalty Kill - 3 Players Forward
Forward Time % Phy DF OF
1 Matias Maccelli 50 1 2 2
2 Jesse Ylonen 50 1 2 2
Penalty Kill - 3 Players Defense
Defense Defense Time % Phy DF OF
1 Alex Peters Anttoni Honka 50 1 2 2
2 Lucas Johansen Oskari Laaksonen 50 1 2 2
4 vs 4 Forward
Center Wing Time % Phy DF OF
1 Matias Maccelli Jesse Ylonen 50 1 2 2
2 Joel Kiviranta Jack Drury 50 1 2 2
4 vs 4 Defense
Defense Defense Time % Phy DF OF
1 Alex Peters Anttoni Honka 50 1 2 2
2 Lucas Johansen Oskari Laaksonen 50 1 2 2
Last Minutes Offensive
Center Left Wing Right Wing Defense Defense
Jack Drury Matias Maccelli Jesse Ylonen Alex Peters Anttoni Honka
Last Minutes Defensive
Center Left Wing Right Wing Defense Defense
Jack Drury Matias Maccelli Jesse Ylonen Alex Peters Anttoni Honka
Goaltenders
Starting : Justus Annunen
Backup : Arvid Holm
Extra Forwards
Normal : Roby Jarventie, Joseph Gambardella, Connor Zary - PP : Roby Jarventie, Joseph Gambardella - PK : Connor Zary
Extra Defensemen
Normal : Kim Nousiainen, Eemil Viro, Lucas Johansen - PP : Kim Nousiainen - PK : Eemil Viro, Lucas Johansen
Penalty Shots
Matias Maccelli, Jesse Ylonen, Joel Kiviranta, Jack Drury, Roby Jarventie
% Time on Ice - Laval Squanderers
Lines # - Real PCT - Wanted PCT - Time Play
Normal Forward
1 - 31% - 30% - 14:00
2 - 31% - 30% - 14:07
3 - 23% - 25% - 10:31
4 - 15% - 15% - 6:52
Normal Defense
1 - 35% - 35% - 15:58
2 - 35% - 35% - 16:04
3 - 30% - 30% - 13:28
4 - 0% - 0% - 0:00
PP Forward
1 - 51% - 50% - 4:40
2 - 49% - 50% - 4:25
PP Defense
1 - 50% - 50% - 4:34
2 - 50% - 50% - 4:31
PK Forward
1 - 57% - 50% - 2:31
2 - 43% - 50% - 1:54
PK Defense
1 - 45% - 50% - 1:59
2 - 55% - 50% - 2:26
PK3 Forward
1 - 0% - 50%
2 - 0% - 50%
PK3 Defense
1 - 0% - 50%
2 - 0% - 50%
44 Forward
1 - 67% - 50% - 0:40
2 - 33% - 50% - 0:20
44 Defense
1 - 10% - 50% - 0:06
2 - 90% - 50% - 0:54
Last Minute Offensive - 0:00
Last Minute Defensive - 0:00
Total
Forward - 60:00
Defense - 60:00
|
% Time on Ice - Kelowna Rockets
Lines # - Real PCT - Wanted PCT - Time Play
Normal Forward
1 - 30% - 30% - 13:34
2 - 29% - 30% - 13:00
3 - 24% - 25% - 11:01
4 - 17% - 15% - 7:55
Normal Defense
1 - 30% - 30% - 13:26
2 - 32% - 30% - 14:33
3 - 27% - 25% - 12:21
4 - 11% - 15% - 5:10
PP Forward
1 - 54% - 50% - 2:22
2 - 46% - 50% - 2:03
PP Defense
1 - 49% - 50% - 2:10
2 - 51% - 50% - 2:15
PK Forward
1 - 54% - 50% - 4:55
2 - 46% - 50% - 4:10
PK Defense
1 - 46% - 50% - 4:12
2 - 54% - 50% - 4:53
PK3 Forward
1 - 0% - 50%
2 - 0% - 50%
PK3 Defense
1 - 0% - 50%
2 - 0% - 50%
44 Forward
1 - 58% - 50% - 0:35
2 - 42% - 50% - 0:25
44 Defense
1 - 58% - 50% - 0:35
2 - 42% - 50% - 0:25
Last Minute Offensive - 0:00
Last Minute Defensive - 0:00
Total
Forward - 60:00
Defense - 60:00
|
Play-by-Play
1st period
0:01 of 1st period - Lias Andersson wins face-off versus Jack Drury in neutral zone.
0:25 of 1st period - Icing by Braden Schneider.
0:26 of 1st period - Mavrik Bourque wins face-off versus Ethen Frank in Laval Squanderers zone.
0:57 of 1st period - Snap shot by Simon Holmstrom.
0:57 of 1st period - Stopped by Justus Annunen with a rebound.
0:59 of 1st period - Wrist shot by Mike Hardman.
0:59 of 1st period - Stopped by Justus Annunen with a rebound.
1:24 of 1st period - Wrist shot by Brett Howden.
1:24 of 1st period - Stopped by Justus Annunen without a rebound.
1:25 of 1st period - Jasper Weatherby wins face-off versus Cross Hanas in Kelowna Rockets zone.
1:25 of 1st period - Jasper Weatherby is hit by Danila Klimovich.
1:51 of 1st period - Jesse Ylonen is hit by Mike Hardman and loses puck.
1:56 of 1st period - Wrist shot by Graeme Clarke.
1:56 of 1st period - Stopped by Justus Annunen with a rebound.
2:18 of 1st period - Snap shot by Mavrik Bourque.
2:18 of 1st period - Shot Blocked by Ethen Frank.
2:20 of 1st period - Slapshot by Kim Nousiainen.
2:20 of 1st period - Shot Misses the Net.
2:22 of 1st period - Snap shot by Lauri Pajuniemi.
2:22 of 1st period - Shot Misses the Net.
2:34 of 1st period - Roby Jarventie is hit by Brett Howden and loses puck.
3:05 of 1st period - Snap shot by Shakir Mukhamadullin.
3:05 of 1st period - Shot Blocked by Anttoni Honka.
4:23 of 1st period - Slapshot by Cross Hanas.
4:23 of 1st period - Stopped by Justus Annunen with a rebound.
4:34 of 1st period - Off-side.
4:35 of 1st period - Jack Drury wins face-off versus Graeme Clarke in neutral zone.
4:38 of 1st period - Snap shot by Matias Maccelli.
4:38 of 1st period - Shot Misses the Net.
4:40 of 1st period - Snap shot by Jesse Ylonen.
4:40 of 1st period - Shot Misses the Net.
4:44 of 1st period - Slapshot by Jesse Ylonen.
4:44 of 1st period - Shot Misses the Net.
5:11 of 1st period - Slapshot by Mavrik Bourque.
5:11 of 1st period - Shot Misses the Net.
6:05 of 1st period - Snap shot by Matias Maccelli.
6:05 of 1st period - Stopped by Mads Sogaard with a rebound.
6:07 of 1st period - Wrist shot by Jack Drury.
6:07 of 1st period - Stopped by Mads Sogaard with a rebound.
7:16 of 1st period - Nils Lundkvist is hit by Jacob Perreault and loses puck.
7:24 of 1st period - Icing by Ethen Frank.
7:25 of 1st period - Ethen Frank wins face-off versus Mavrik Bourque in Laval Squanderers zone.
7:50 of 1st period - Ty Emberson is hit by Matias Maccelli and loses puck.
7:54 of 1st period - Icing by Ethen Frank.
7:55 of 1st period - Joel Kiviranta wins face-off versus Ethen Frank in Laval Squanderers zone.
8:26 of 1st period - Slapshot by Lias Andersson.
8:26 of 1st period - Stopped by Justus Annunen with a rebound.
8:28 of 1st period - Slapshot by Kaedan Korczak.
8:28 of 1st period - Shot Misses the Net.
8:30 of 1st period - Slapshot by Brett Howden.
8:30 of 1st period - Stopped by Justus Annunen with a rebound.
10:31 of 1st period - Ethen Frank is hit by Lauri Pajuniemi and loses puck.
11:20 of 1st period - Snap shot by Connor Zary.
11:20 of 1st period - Shot Misses the Net.
11:26 of 1st period - Slapshot by Connor Zary.
11:26 of 1st period - Stopped by Mads Sogaard with a rebound.
12:14 of 1st period - Matias Maccelli is hit by Danila Klimovich and loses puck.
12:51 of 1st period - Slapshot by Mavrik Bourque.
12:51 of 1st period - Goal by Mavrik Bourque - Laval Squanderers : 0 - Kelowna Rockets : 1.
12:52 of 1st period - Jack Drury wins face-off versus Brett Howden in neutral zone.
13:10 of 1st period - Icing by Nils Lundkvist.
13:11 of 1st period - Mavrik Bourque wins face-off versus Brett Howden in Laval Squanderers zone.
13:12 of 1st period - Snap shot by Joel Kiviranta.
13:12 of 1st period - Shot Misses the Net.
13:26 of 1st period - Slapshot by Lias Andersson.
13:26 of 1st period - Deflect By Oliver Wahlstrom.
13:26 of 1st period - Shot Misses the Net.
13:26 of 1st period - Puck is out of play.
13:27 of 1st period - Jack Drury wins face-off versus Ethen Frank in Kelowna Rockets zone.
13:36 of 1st period - Slapshot by Matias Maccelli.
13:36 of 1st period - Shot Misses the Net.
13:38 of 1st period - Slapshot by Jesse Ylonen.
13:38 of 1st period - Shot Misses the Net.
13:40 of 1st period - Wrist shot by Matias Maccelli.
13:40 of 1st period - Deflect By Jesse Ylonen.
13:40 of 1st period - Stopped by Mads Sogaard with a rebound.
13:42 of 1st period - Snap shot by Matias Maccelli.
13:42 of 1st period - Stopped by Mads Sogaard with a rebound.
13:57 of 1st period - Slapshot by Mavrik Bourque.
13:57 of 1st period - Stopped by Mads Sogaard with a rebound.
13:59 of 1st period - Snap shot by Mavrik Bourque.
13:59 of 1st period - Shot Blocked by Brett Howden.
14:01 of 1st period - Snap shot by Joel Kiviranta.
14:01 of 1st period - Stopped by Mads Sogaard without a rebound.
14:02 of 1st period - Graeme Clarke wins face-off versus Jack Drury in Laval Squanderers zone.
14:34 of 1st period - Wrist shot by Lias Andersson.
14:34 of 1st period - Shot Misses the Net.
14:36 of 1st period - Slapshot by Brayden Pachal.
14:36 of 1st period - Deflect By Lias Andersson.
14:36 of 1st period - Shot Misses the Net.
14:36 of 1st period - Puck is out of play.
14:37 of 1st period - Ethen Frank wins face-off versus Connor Zary in Kelowna Rockets zone.
14:38 of 1st period - Snap shot by Martin Kaut.
14:38 of 1st period - Stopped by Justus Annunen with a rebound.
14:40 of 1st period - Slapshot by Ethen Frank.
14:40 of 1st period - Shot Misses the Net.
14:42 of 1st period - Slapshot by Justin Barron.
14:42 of 1st period - Stopped by Justus Annunen with a rebound.
14:44 of 1st period - Snap shot by Braden Schneider.
14:44 of 1st period - Shot Blocked by Anttoni Honka.
15:09 of 1st period - Snap shot by Oliver Wahlstrom.
15:09 of 1st period - Shot Misses the Net.
15:11 of 1st period - Snap shot by Brett Howden.
15:11 of 1st period - Stopped by Justus Annunen without a rebound.
15:12 of 1st period - Jack Drury wins face-off versus Brett Howden in Kelowna Rockets zone.
15:24 of 1st period - Icing by Lias Andersson.
15:25 of 1st period - Brett Howden wins face-off versus Connor Zary in Laval Squanderers zone.
15:58 of 1st period - Wrist shot by Lias Andersson.
15:58 of 1st period - Stopped by Justus Annunen without a rebound.
15:59 of 1st period - Jack Drury wins face-off versus Ethen Frank in Kelowna Rockets zone.
15:59 of 1st period - Jack Drury is hit by Brayden Tracey.
16:11 of 1st period - Snap shot by Ethen Frank.
16:11 of 1st period - Stopped by Justus Annunen with a rebound.
16:13 of 1st period - Snap shot by Brayden Tracey.
16:13 of 1st period - Stopped by Justus Annunen with a rebound.
16:25 of 1st period - Simon Holmstrom is hit by Lucas Johansen and loses puck.
16:50 of 1st period - Danila Klimovich is hit by Kim Nousiainen and loses puck.
16:59 of 1st period - Shakir Mukhamadullin is hit by Roby Jarventie and loses puck.
17:10 of 1st period - Lias Andersson is hit by Anttoni Honka and loses puck.
17:21 of 1st period - Snap shot by Oliver Wahlstrom.
17:21 of 1st period - Stopped by Justus Annunen with a rebound.
17:46 of 1st period - Double Minor Penalty to Lucas Johansen for Roughing.
17:47 of 1st period - Matias Maccelli wins face-off versus Brett Howden in Kelowna Rockets zone.
17:56 of 1st period - Oliver Wahlstrom is hit by Joel Kiviranta and loses puck.
18:57 of 1st period - Oliver Wahlstrom is hit by Jesse Ylonen and loses puck.
19:34 of 1st period - Jack Drury is hit by Justin Barron and loses puck.
Goals for this period are 0 for Laval Squanderers vs 1 for Kelowna Rockets.
Shots for this period are 14 for Laval Squanderers vs 8 for Kelowna Rockets.
2nd period
0:01 of 2nd period - Joel Kiviranta wins face-off versus Ethen Frank in neutral zone.
0:12 of 2nd period - Snap shot by Joel Kiviranta.
0:12 of 2nd period - Shot Blocked by Brayden Tracey.
0:14 of 2nd period - Slapshot by Alex Peters.
0:14 of 2nd period - Shot Misses the Net.
1:13 of 2nd period - Jack Drury is hit by Oliver Wahlstrom and loses puck.
1:46 of 2nd period - Penalty to Lucas Johansen is over, Lucas Johansen is back on ice.
1:56 of 2nd period - Snap shot by Connor Zary.
1:56 of 2nd period - Stopped by Mads Sogaard with a rebound.
1:58 of 2nd period - Wrist shot by Roby Jarventie.
1:58 of 2nd period - Goal by Roby Jarventie - Laval Squanderers : 0 - Kelowna Rockets : 2.
1:59 of 2nd period - Connor Zary wins face-off versus Graeme Clarke in neutral zone.
2:02 of 2nd period - Simon Holmstrom is hit by Alex Peters and loses puck.
2:25 of 2nd period - Alex Peters is hit by Kaedan Korczak and loses puck.
2:36 of 2nd period - Wrist shot by Lias Andersson.
2:36 of 2nd period - Stopped by Justus Annunen with a rebound.
2:38 of 2nd period - Snap shot by Brett Howden.
2:38 of 2nd period - Shot Blocked by Roby Jarventie.
2:47 of 2nd period - Off-side.
2:48 of 2nd period - Jack Drury wins face-off versus Ethen Frank in neutral zone.
2:51 of 2nd period - Wrist shot by Matias Maccelli.
2:51 of 2nd period - Stopped by Mads Sogaard with a rebound.
2:53 of 2nd period - Snap shot by Jesse Ylonen.
2:53 of 2nd period - Shot Misses the Net.
2:55 of 2nd period - Snap shot by Jesse Ylonen.
2:55 of 2nd period - Shot Misses the Net.
2:57 of 2nd period - Slapshot by Matias Maccelli.
2:57 of 2nd period - Stopped by Mads Sogaard with a rebound.
2:59 of 2nd period - Snap shot by Jesse Ylonen.
2:59 of 2nd period - Shot Blocked by Nils Lundkvist.
3:01 of 2nd period - Backhand shot by Jack Drury.
3:01 of 2nd period - Stopped by Mads Sogaard with a rebound.
3:03 of 2nd period - Slapshot by Jesse Ylonen.
3:03 of 2nd period - Stopped by Mads Sogaard without a rebound.
3:04 of 2nd period - Mavrik Bourque wins face-off versus Brett Howden in Laval Squanderers zone.
3:16 of 2nd period - Minor Penalty to Brett Howden for Tripping.
3:17 of 2nd period - Jack Drury wins face-off versus Oliver Wahlstrom in Laval Squanderers zone.
3:17 of 2nd period - Wrist shot by Matias Maccelli.
3:17 of 2nd period - Shot Misses the Net.
3:19 of 2nd period - Slapshot by Anttoni Honka.
3:19 of 2nd period - Goal by Anttoni Honka - Laval Squanderers : 0 - Kelowna Rockets : 3.
3:20 of 2nd period - Ethen Frank wins face-off versus Mavrik Bourque in neutral zone.
4:32 of 2nd period - Wrist shot by Brett Howden.
4:32 of 2nd period - Shot Misses the Net.
4:34 of 2nd period - Snap shot by Lias Andersson.
4:34 of 2nd period - Shot Misses the Net.
4:36 of 2nd period - Snap shot by Lias Andersson.
4:36 of 2nd period - Deflect By Oliver Wahlstrom.
4:36 of 2nd period - Stopped by Justus Annunen with a rebound.
4:38 of 2nd period - Slapshot by Nils Lundkvist.
4:38 of 2nd period - Shot Misses the Net.
4:40 of 2nd period - Slapshot by Lias Andersson.
4:40 of 2nd period - Stopped by Justus Annunen with a rebound.
4:42 of 2nd period - Snap shot by Brett Howden.
4:42 of 2nd period - Deflect By Lucas Johansen.
4:42 of 2nd period - Shot Blocked by Jacob Perreault.
4:42 of 2nd period - Puck is out of play.
4:43 of 2nd period - Ethen Frank wins face-off versus Mavrik Bourque in Kelowna Rockets zone.
5:10 of 2nd period - Graeme Clarke is hit by Matias Maccelli and loses puck.
5:33 of 2nd period - Wrist shot by Roby Jarventie.
5:33 of 2nd period - Shot Misses the Net.
5:36 of 2nd period - Icing by Brayden Pachal.
5:37 of 2nd period - Mavrik Bourque wins face-off versus Cross Hanas in Laval Squanderers zone.
5:46 of 2nd period - Wrist shot by Joel Kiviranta.
5:46 of 2nd period - Stopped by Mads Sogaard without a rebound.
5:47 of 2nd period - Mavrik Bourque wins face-off versus Ethen Frank in Laval Squanderers zone.
5:54 of 2nd period - Snap shot by Mavrik Bourque.
5:54 of 2nd period - Shot Misses the Net.
7:08 of 2nd period - Snap shot by Lias Andersson.
7:08 of 2nd period - Shot Blocked by Roby Jarventie.
7:10 of 2nd period - Slapshot by Oliver Wahlstrom.
7:10 of 2nd period - Shot Misses the Net.
7:45 of 2nd period - Snap shot by Jesse Ylonen.
7:45 of 2nd period - Shot Misses the Net.
7:57 of 2nd period - Slapshot by Brett Howden.
7:57 of 2nd period - Shot Misses the Net.
7:59 of 2nd period - Slapshot by Brett Howden.
7:59 of 2nd period - Shot Misses the Net.
8:18 of 2nd period - Connor Zary is hit by Brayden Tracey and loses puck.
8:35 of 2nd period - Backhand shot by Matias Maccelli.
8:35 of 2nd period - Stopped by Mads Sogaard with a rebound.
8:37 of 2nd period - Slapshot by Lucas Johansen.
8:37 of 2nd period - Shot Misses the Net.
8:51 of 2nd period - Lias Andersson is hit by Lauri Pajuniemi and loses puck.
9:08 of 2nd period - Brett Howden is hit by Kim Nousiainen and loses puck.
9:21 of 2nd period - Wrist shot by Brett Howden.
9:21 of 2nd period - Goal by Brett Howden - Laval Squanderers : 1 - Kelowna Rockets : 3.
9:22 of 2nd period - Ethen Frank wins face-off versus Jack Drury in neutral zone.
9:29 of 2nd period - Wrist shot by Ethen Frank.
9:29 of 2nd period - Shot Misses the Net.
9:47 of 2nd period - Anttoni Honka is hit by Nils Lundkvist and loses puck.
9:56 of 2nd period - Nils Lundkvist is hit by Mavrik Bourque and loses puck.
10:07 of 2nd period - Wrist shot by Nils Lundkvist.
10:07 of 2nd period - Deflect By Oskari Laaksonen.
10:07 of 2nd period - Stopped by Justus Annunen without a rebound.
10:08 of 2nd period - Brett Howden wins face-off versus Connor Zary in Kelowna Rockets zone.
10:10 of 2nd period - Oliver Wahlstrom beats up Oskar Back.
10:10 of 2nd period - Penalty to Oskar Back for Fighting.
10:10 of 2nd period - Penalty to Oliver Wahlstrom for Fighting.
10:10 of 2nd period - Penalty to Oliver Wahlstrom for instigated a fight.
10:10 of 2nd period - Penalty to Oliver Wahlstrom for instigated and being the aggresor in a fight.
10:10 of 2nd period - Oliver Wahlstrom is ejected from game.
10:11 of 2nd period - Lias Andersson wins face-off versus Mavrik Bourque in Kelowna Rockets zone.
10:45 of 2nd period - Wrist shot by Matias Maccelli.
10:45 of 2nd period - Stopped by Mads Sogaard with a rebound.
11:22 of 2nd period - Icing by Oskari Laaksonen.
11:23 of 2nd period - Joel Kiviranta wins face-off versus Lias Andersson in Kelowna Rockets zone.
11:30 of 2nd period - Slapshot by Lias Andersson.
11:30 of 2nd period - Deflect By Lucas Johansen.
11:30 of 2nd period - Shot Blocked by Lucas Johansen.
11:30 of 2nd period - Puck is out of play.
11:31 of 2nd period - Lias Andersson wins face-off versus Jack Drury in Kelowna Rockets zone.
11:46 of 2nd period - Wrist shot by Lias Andersson.
11:46 of 2nd period - Shot Misses the Net.
11:54 of 2nd period - Martin Kaut is hit by Matias Maccelli and loses puck.
12:10 of 2nd period - Penalty to Oliver Wahlstrom is over, Danila Klimovich is send on ice.
12:19 of 2nd period - Snap shot by Jesse Ylonen.
12:19 of 2nd period - Shot Blocked by Lias Andersson.
12:21 of 2nd period - Snap shot by Jack Drury.
12:21 of 2nd period - Shot Misses the Net.
12:23 of 2nd period - Slapshot by Kim Nousiainen.
12:23 of 2nd period - Stopped by Mads Sogaard with a rebound.
12:25 of 2nd period - Snap shot by Eemil Viro.
12:25 of 2nd period - Stopped by Mads Sogaard without a rebound.
12:26 of 2nd period - Mavrik Bourque wins face-off versus Graeme Clarke in Laval Squanderers zone.
12:37 of 2nd period - Snap shot by Joel Kiviranta.
12:37 of 2nd period - Shot Misses the Net.
13:01 of 2nd period - Snap shot by Connor Zary.
13:01 of 2nd period - Deflect By Roby Jarventie.
13:01 of 2nd period - Stopped by Mads Sogaard without a rebound.
13:02 of 2nd period - Mavrik Bourque wins face-off versus Graeme Clarke in Laval Squanderers zone.
13:17 of 2nd period - Snap shot by Simon Holmstrom.
13:17 of 2nd period - Shot Misses the Net.
13:32 of 2nd period - Off-side.
13:33 of 2nd period - Ethen Frank wins face-off versus Jack Drury in neutral zone.
13:38 of 2nd period - Wrist shot by Brayden Tracey.
13:38 of 2nd period - Shot Hit the Post.
13:43 of 2nd period - Off-side.
13:44 of 2nd period - Jack Drury wins face-off versus Ethen Frank in neutral zone.
13:48 of 2nd period - Off-side.
13:49 of 2nd period - Ethen Frank wins face-off versus Jack Drury in neutral zone.
14:03 of 2nd period - Minor Penalty to Alex Peters for Tripping.
14:04 of 2nd period - Brett Howden wins face-off versus Joel Kiviranta in Kelowna Rockets zone.
14:08 of 2nd period - Snap shot by Lias Andersson.
14:08 of 2nd period - Shot Hit the Post.
14:10 of 2nd period - Slapshot by Ty Emberson.
14:10 of 2nd period - Shot Misses the Net.
14:12 of 2nd period - Wrist shot by Brett Howden.
14:12 of 2nd period - Goal by Brett Howden - Laval Squanderers : 2 - Kelowna Rockets : 3.
14:13 of 2nd period - Ethen Frank wins face-off versus Jack Drury in neutral zone.
14:28 of 2nd period - Slapshot by Brayden Tracey.
14:28 of 2nd period - Stopped by Justus Annunen without a rebound.
14:29 of 2nd period - Brett Howden wins face-off versus Mavrik Bourque in Kelowna Rockets zone.
14:30 of 2nd period - Snap shot by Lias Andersson.
14:30 of 2nd period - Goal by Lias Andersson - Laval Squanderers : 3 - Kelowna Rockets : 3.
14:31 of 2nd period - Brett Howden wins face-off versus Mavrik Bourque in neutral zone.
14:34 of 2nd period - Snap shot by Lias Andersson.
14:34 of 2nd period - Stopped by Justus Annunen without a rebound.
14:35 of 2nd period - Brett Howden wins face-off versus Mavrik Bourque in Kelowna Rockets zone.
14:39 of 2nd period - Minor Penalty to Oskari Laaksonen for Hooking.
14:40 of 2nd period - Graeme Clarke wins face-off versus Joel Kiviranta in Kelowna Rockets zone.
14:54 of 2nd period - Wrist shot by Jack Drury.
14:54 of 2nd period - Shot Hit the Post.
14:56 of 2nd period - Wrist shot by Joel Kiviranta.
14:56 of 2nd period - Stopped by Mads Sogaard with a rebound.
15:06 of 2nd period - Matias Maccelli is hit by Ty Emberson and loses puck.
15:10 of 2nd period - Penalty to Oskar Back is over, Oskar Back is back on ice.
15:49 of 2nd period - Anttoni Honka is hit by Braden Schneider and loses puck.
16:27 of 2nd period - Icing by Nils Lundkvist.
16:28 of 2nd period - Roby Jarventie wins face-off versus Simon Holmstrom in Laval Squanderers zone.
16:39 of 2nd period - Penalty to Oskari Laaksonen is over, Oskari Laaksonen is back on ice.
16:50 of 2nd period - Snap shot by Connor Zary.
16:50 of 2nd period - Goal by Connor Zary - Laval Squanderers : 3 - Kelowna Rockets : 4.
16:51 of 2nd period - Mavrik Bourque wins face-off versus Brett Howden in neutral zone.
17:25 of 2nd period - Snap shot by Lias Andersson.
17:25 of 2nd period - Stopped by Justus Annunen without a rebound.
17:26 of 2nd period - Jack Drury wins face-off versus Ethen Frank in Kelowna Rockets zone.
17:31 of 2nd period - Wrist shot by Matias Maccelli.
17:31 of 2nd period - Stopped by Mads Sogaard with a rebound.
17:33 of 2nd period - Backhand shot by Alex Peters.
17:33 of 2nd period - Stopped by Mads Sogaard with a rebound.
17:35 of 2nd period - Wrist shot by Jesse Ylonen.
17:35 of 2nd period - Shot Misses the Net.
17:37 of 2nd period - Snap shot by Anttoni Honka.
17:37 of 2nd period - Shot Misses the Net.
17:39 of 2nd period - Slapshot by Alex Peters.
17:39 of 2nd period - Shot Misses the Net.
17:41 of 2nd period - Wrist shot by Jack Drury.
17:41 of 2nd period - Shot Misses the Net.
17:45 of 2nd period - Wrist shot by Jack Drury.
17:45 of 2nd period - Stopped by Mads Sogaard with a rebound.
17:47 of 2nd period - Wrist shot by Jack Drury.
17:47 of 2nd period - Deflect By Jesse Ylonen.
17:47 of 2nd period - Stopped by Mads Sogaard without a rebound.
17:48 of 2nd period - Graeme Clarke wins face-off versus Connor Zary in Laval Squanderers zone.
17:48 of 2nd period - Graeme Clarke is hit by Eemil Viro.
18:59 of 2nd period - Wrist shot by Simon Holmstrom.
18:59 of 2nd period - Shot Misses the Net.
19:01 of 2nd period - Slapshot by Graeme Clarke.
19:01 of 2nd period - Deflect By Simon Holmstrom.
19:01 of 2nd period - Shot Misses the Net.
19:01 of 2nd period - Puck is out of play.
19:02 of 2nd period - Graeme Clarke wins face-off versus Jasper Weatherby in Kelowna Rockets zone.
19:07 of 2nd period - Snap shot by Simon Holmstrom.
19:07 of 2nd period - Stopped by Justus Annunen with a rebound.
19:09 of 2nd period - Wrist shot by Graeme Clarke.
19:09 of 2nd period - Deflect By Simon Holmstrom.
19:09 of 2nd period - Shot Blocked by Lucas Johansen.
19:09 of 2nd period - Puck is out of play.
19:10 of 2nd period - Ethen Frank wins face-off versus Connor Zary in Kelowna Rockets zone.
19:42 of 2nd period - Slapshot by Joel Kiviranta.
19:42 of 2nd period - Shot Misses the Net.
19:44 of 2nd period - Slapshot by Lauri Pajuniemi.
19:44 of 2nd period - Shot Misses the Net.
19:46 of 2nd period - Snap shot by Lauri Pajuniemi.
19:46 of 2nd period - Stopped by Mads Sogaard without a rebound.
19:47 of 2nd period - Connor Zary wins face-off versus Ethen Frank in Laval Squanderers zone.
19:50 of 2nd period - Snap shot by Connor Zary.
19:50 of 2nd period - Deflect By Roby Jarventie.
19:50 of 2nd period - Shot Misses the Net.
19:50 of 2nd period - Puck is out of play.
19:51 of 2nd period - Connor Zary wins face-off versus Ethen Frank in Laval Squanderers zone.
Goals for this period are 3 for Laval Squanderers vs 3 for Kelowna Rockets.
Shots for this period are 11 for Laval Squanderers vs 20 for Kelowna Rockets.
3rd period
0:01 of 3rd period - Ethen Frank wins face-off versus Mavrik Bourque in neutral zone.
0:04 of 3rd period - Alex Peters is hit by Martin Kaut and loses puck.
0:25 of 3rd period - Matias Maccelli is hit by Braden Schneider and loses puck.
0:34 of 3rd period - Snap shot by Graeme Clarke.
0:34 of 3rd period - Deflect By Mike Hardman.
0:34 of 3rd period - Stopped by Justus Annunen with a rebound.
0:36 of 3rd period - Snap shot by Simon Holmstrom.
0:36 of 3rd period - Stopped by Justus Annunen without a rebound.
0:37 of 3rd period - Connor Zary wins face-off versus Brett Howden in Kelowna Rockets zone.
0:42 of 3rd period - Nils Lundkvist is hit by Roby Jarventie and loses puck.
0:47 of 3rd period - Snap shot by Connor Zary.
0:47 of 3rd period - Shot Misses the Net.
1:59 of 3rd period - Wrist shot by Joseph Gambardella.
1:59 of 3rd period - Deflect By Jacob Perreault.
1:59 of 3rd period - Shot Misses the Net.
1:59 of 3rd period - Puck is out of play.
2:00 of 3rd period - Mavrik Bourque wins face-off versus Brett Howden in Laval Squanderers zone.
2:03 of 3rd period - Snap shot by Joel Kiviranta.
2:03 of 3rd period - Shot Misses the Net.
2:09 of 3rd period - Slapshot by Brett Howden.
2:09 of 3rd period - Deflect By Lias Andersson.
2:09 of 3rd period - Shot Blocked by Joel Kiviranta.
2:09 of 3rd period - Puck is out of play.
2:10 of 3rd period - Mavrik Bourque wins face-off versus Brett Howden in Kelowna Rockets zone.
2:10 of 3rd period - Mavrik Bourque is hit by Lias Andersson.
2:26 of 3rd period - Slapshot by Joel Kiviranta.
2:26 of 3rd period - Goal by Joel Kiviranta - Laval Squanderers : 3 - Kelowna Rockets : 5.
2:27 of 3rd period - Connor Zary wins face-off versus Brayden Tracey in neutral zone.
2:31 of 3rd period - Minor Penalty to Brayden Tracey for Hooking.
2:32 of 3rd period - Danila Klimovich wins face-off versus Joel Kiviranta in Laval Squanderers zone.
2:57 of 3rd period - Oskari Laaksonen is hit by Danila Klimovich and loses puck.
3:18 of 3rd period - Snap shot by Graeme Clarke.
3:18 of 3rd period - Stopped by Justus Annunen with a rebound.
4:31 of 3rd period - Penalty to Brayden Tracey is over, Brayden Tracey is back on ice.
4:42 of 3rd period - Backhand shot by Joseph Gambardella.
4:42 of 3rd period - Deflect By Jacob Perreault.
4:42 of 3rd period - Stopped by Mads Sogaard with a rebound.
4:44 of 3rd period - Snap shot by Joseph Gambardella.
4:44 of 3rd period - Shot Hit the Post.
4:46 of 3rd period - Snap shot by Joseph Gambardella.
4:46 of 3rd period - Stopped by Mads Sogaard with a rebound.
4:48 of 3rd period - Wrist shot by Jacob Perreault.
4:48 of 3rd period - Shot Misses the Net.
5:10 of 3rd period - 10 Minutes Misconduct Penalty to Oliver Wahlstrom is over.
5:41 of 3rd period - Martin Kaut is hit by Alex Peters and loses puck.
6:20 of 3rd period - Off-side.
6:21 of 3rd period - Brett Howden wins face-off versus Mavrik Bourque in neutral zone.
6:54 of 3rd period - Snap shot by Lias Andersson.
6:54 of 3rd period - Stopped by Justus Annunen without a rebound.
6:55 of 3rd period - Mavrik Bourque wins face-off versus Brett Howden in Kelowna Rockets zone.
7:06 of 3rd period - Wrist shot by Mavrik Bourque.
7:06 of 3rd period - Deflect By Joel Kiviranta.
7:06 of 3rd period - Stopped by Mads Sogaard with a rebound.
8:08 of 3rd period - Wrist shot by Jacob Perreault.
8:08 of 3rd period - Shot Misses the Net.
8:10 of 3rd period - Wrist shot by Jasper Weatherby.
8:10 of 3rd period - Stopped by Mads Sogaard without a rebound.
8:11 of 3rd period - Brett Howden wins face-off versus Mavrik Bourque in Laval Squanderers zone.
8:43 of 3rd period - Wrist shot by Martin Kaut.
8:43 of 3rd period - Goal by Martin Kaut - Laval Squanderers : 4 - Kelowna Rockets : 5.
8:44 of 3rd period - Roby Jarventie wins face-off versus Brayden Tracey in neutral zone.
8:53 of 3rd period - Slapshot by Connor Zary.
8:53 of 3rd period - Stopped by Mads Sogaard with a rebound.
9:18 of 3rd period - Snap shot by Graeme Clarke.
9:18 of 3rd period - Shot Misses the Net.
9:24 of 3rd period - Minor Penalty to Matias Maccelli for Hooking.
9:25 of 3rd period - Ethen Frank wins face-off versus Joel Kiviranta in Kelowna Rockets zone.
9:26 of 3rd period - Slapshot by Martin Kaut.
9:26 of 3rd period - Stopped by Justus Annunen without a rebound.
9:27 of 3rd period - Ethen Frank wins face-off versus Joel Kiviranta in Kelowna Rockets zone.
9:32 of 3rd period - Snap shot by Martin Kaut.
9:32 of 3rd period - Shot Blocked by Anttoni Honka.
9:34 of 3rd period - Snap shot by Nils Lundkvist.
9:34 of 3rd period - Shot Blocked by Alex Peters.
9:36 of 3rd period - Backhand shot by Ty Emberson.
9:36 of 3rd period - Stopped by Justus Annunen with a rebound.
9:42 of 3rd period - Slapshot by Martin Kaut.
9:42 of 3rd period - Stopped by Justus Annunen with a rebound.
11:11 of 3rd period - Slapshot by Mavrik Bourque.
11:11 of 3rd period - Stopped by Mads Sogaard without a rebound.
11:12 of 3rd period - Mavrik Bourque wins face-off versus Ethen Frank in Laval Squanderers zone.
11:13 of 3rd period - Wrist shot by Roby Jarventie.
11:13 of 3rd period - Deflect By Mavrik Bourque.
11:13 of 3rd period - Shot Misses the Net.
11:13 of 3rd period - Puck is out of play.
11:14 of 3rd period - Ethen Frank wins face-off versus Mavrik Bourque in Laval Squanderers zone.
11:14 of 3rd period - Ethen Frank is hit by Oskari Laaksonen.
11:24 of 3rd period - Penalty to Matias Maccelli is over, Matias Maccelli is back on ice.
11:34 of 3rd period - Wrist shot by Roby Jarventie.
11:34 of 3rd period - Stopped by Mads Sogaard with a rebound.
13:39 of 3rd period - Kim Nousiainen is hit by Ethen Frank and loses puck.
13:51 of 3rd period - Off-side.
13:52 of 3rd period - Mavrik Bourque wins face-off versus Brett Howden in neutral zone.
14:10 of 3rd period - Brett Howden is hit by Alex Peters and loses puck.
14:25 of 3rd period - Snap shot by Jacob Perreault.
14:25 of 3rd period - Stopped by Mads Sogaard with a rebound.
14:49 of 3rd period - Slapshot by Nils Lundkvist.
14:49 of 3rd period - Shot Misses the Net.
14:55 of 3rd period - Snap shot by Ethen Frank.
14:55 of 3rd period - Deflect By Martin Kaut.
14:55 of 3rd period - Shot Misses the Net.
14:55 of 3rd period - Puck is out of play.
14:56 of 3rd period - Mavrik Bourque wins face-off versus Cross Hanas in Kelowna Rockets zone.
15:01 of 3rd period - Slapshot by Lauri Pajuniemi.
15:01 of 3rd period - Shot Misses the Net.
15:03 of 3rd period - Slapshot by Kim Nousiainen.
15:03 of 3rd period - Shot Blocked by Kaedan Korczak.
15:05 of 3rd period - Slapshot by Lauri Pajuniemi.
15:05 of 3rd period - Stopped by Mads Sogaard with a rebound.
15:11 of 3rd period - Slapshot by Joel Kiviranta.
15:11 of 3rd period - Stopped by Mads Sogaard with a rebound.
15:29 of 3rd period - Snap shot by Connor Zary.
15:29 of 3rd period - Shot Blocked by Brayden Pachal.
15:31 of 3rd period - Wrist shot by Oskari Laaksonen.
15:31 of 3rd period - Shot Misses the Net.
16:50 of 3rd period - Snap shot by Roby Jarventie.
16:50 of 3rd period - Shot Misses the Net.
16:52 of 3rd period - Slapshot by Kim Nousiainen.
16:52 of 3rd period - Stopped by Mads Sogaard without a rebound.
16:53 of 3rd period - Ethen Frank wins face-off versus Connor Zary in Laval Squanderers zone.
17:00 of 3rd period - Snap shot by Roby Jarventie.
17:00 of 3rd period - Shot Misses the Net.
17:12 of 3rd period - Snap shot by Oskar Back.
17:12 of 3rd period - Shot Misses the Net.
17:14 of 3rd period - Snap shot by Oskar Back.
17:14 of 3rd period - Stopped by Mads Sogaard with a rebound.
17:20 of 3rd period - Wrist shot by Oskar Back.
17:20 of 3rd period - Deflect By Roby Jarventie.
17:20 of 3rd period - Shot Blocked by Ethen Frank.
17:20 of 3rd period - Puck is out of play.
17:21 of 3rd period - Graeme Clarke wins face-off versus Jasper Weatherby in Laval Squanderers zone.
17:21 of 3rd period - Graeme Clarke is hit by Anttoni Honka.
17:36 of 3rd period - Brayden Pachal beats up Joseph Gambardella.
17:36 of 3rd period - Penalty to Joseph Gambardella for Fighting.
17:36 of 3rd period - Penalty to Brayden Pachal for Fighting.
17:36 of 3rd period - Penalty to Joseph Gambardella for instigated a fight.
17:36 of 3rd period - Penalty to Joseph Gambardella for instigated a fight.
17:37 of 3rd period - Ethen Frank wins face-off versus Joel Kiviranta in neutral zone.
18:35 of 3rd period - Minor Penalty to Brett Howden for Slashing.
18:36 of 3rd period - Graeme Clarke wins face-off versus Matias Maccelli in Laval Squanderers zone.
18:41 of 3rd period - Wrist shot by Matias Maccelli.
18:41 of 3rd period - Goal by Matias Maccelli - Laval Squanderers : 4 - Kelowna Rockets : 6.
18:42 of 3rd period - Lias Andersson wins face-off versus Joel Kiviranta in neutral zone.
19:36 of 3rd period - Penalty to Joseph Gambardella is over, Roby Jarventie is send on ice.
Goals for this period are 1 for Laval Squanderers vs 2 for Kelowna Rockets.
Shots for this period are 8 for Laval Squanderers vs 14 for Kelowna Rockets.
Back to the Top